 Dungeon Crawl Stone Soup version 0.19.5 (webtiles) character file.

1615 Kahsius the Basher (level 8, 0/70 HPs)
             Began as a Minotaur Fighter on Mar 2, 2017.
             Was a Follower of Makhleb.
             Slain by a sixfirhy (12 damage)
             ... summoned by a shadow demon
             ... created by the darkness of Dithmenos
             ... on level 7 of the Dungeon.
             The game lasted 00:33:12 (4506 turns).

Kahsius the Basher (Minotaur Fighter)               Turns: 4506, Time: 00:33:12

Health: 0/70       AC: 15    Str: 28 (29) XL:     8   Next: 64%
Magic:  7/7        EV:  6    Int:  9 (10) God:    Makhleb [*.....]
Gold:   321        SH: 10    Dex:  6 (7)  Spells: 0 memorised, 7 levels left

rFire  + . .     SeeInvis +     K - +9 trident of Jimeav {chaos, rC+ Int+5 Dex-2}
rCold  + . .     Gourm    .     v - +0 plate armour
rNeg   . . .     Faith    .     c - +0 shield
rPois  .         Spirit   .     (helmet restricted)
rElec  .         Reflect  .     (no cloak)
rCorr  .         Harm     .     k - +0 pair of gloves
MR     .....                    d - +0 pair of boots
Stlth  ..........               f - amulet of rage
                                x - ring of see invisible
                                g - ring of protection from fire

@: mighty
A: retaliatory headbutt, horns 2, sense surroundings 1
a: Renounce Religion, Evoke Berserk Rage


You were on level 7 of the Dungeon.
You worshipped Makhleb.
Makhleb was aware of your devotion.
You were not hungry.

You visited 2 branches of the dungeon, and saw 8 of its levels.

You collected 321 gold pieces.

Inventory:

Hand Weapons
 a - a +2 flail
 h - a +0 mace
 i - a +0 club
 l - a +0 club
 q - a +0 rapier
 r - a +0 club
 A - a +0 great sword
 C - a +2 short sword of holy wrath
 I - a cursed -1 halberd
 K - the +9 trident of Jimeav (weapon) {chaos, rC+ Int+5 Dex-2}
   (You found it on level 5 of the Dungeon)

   Each time it hits an enemy it has a different, random effect.
   It affects your intelligence (+5).
   It affects your dexterity (-2).
   It protects you from cold.
 M - a +0 shortbow
 R - a cursed -1 shortbow
 S - a +0 glaive
 T - a +1 hand axe of venom
Missiles
 e - 193 stones (quivered)
 n - 133 arrows
 u - 20 sling bullets
 y - 3 curare-tipped needles
 z - 66 bolts
 G - 15 poisoned needles
Armour
 b - a +1 scale mail
 c - a +0 shield (worn)
 d - a +0 pair of boots (worn)
 j - a +2 ring mail of fire resistance
 k - a +0 pair of gloves (worn)
 s - a +0 shield
 v - a +0 plate armour (worn)
 F - a +0 ring mail
 H - a +0 leather armour
 P - a +0 pair of gloves
 U - the +1 hat of the Farrier {rCorr, unknown}
   (You acquired it on level 6 of the Dungeon)

   It protects you from acid and corrosion.
 X - a cursed +0 leather armour
 Z - the +2 scale mail of Ariwinn {*Slow rPois Str+4, unknown}
   (You found it on level 7 of the Dungeon)

   It affects your strength (+4).
   It protects you from poison.
   It may slow you when you take damage.
Magical Staves
 O - a cursed staff of wizardry {unknown}
Jewellery
 f - an amulet of rage (around neck)
 g - a ring of protection from fire (left hand)
 p - an uncursed ring of wizardry
 x - a ring of see invisible (right hand)
 N - a cursed amulet of inaccuracy
 Q - an uncursed amulet of rage
Wands
 t - a wand of teleportation (0/9)
 J - a wand of acid (15/15)
 W - a wand of polymorph (16/24)
Scrolls
 L - a scroll of noise
 Y - a scroll of teleportation {unknown}
Potions
 B - a potion of heal wounds {unknown}
Books
 D - a book of Misfortune

   Spells                             Type                      Level
   a - Confusing Touch                Hexes                        1
   b - Confuse                        Hexes                        3
   c - Gell's Gravitas                Hexes/Translocation          3
   d - Petrify                        Transmutation/Earth          4
   e - Metabolic Englaciation         Hexes/Ice                    5
   f - Yara's Violent Unravelling     Hexes/Transmutation          5
Comestibles
 o - 6 meat rations
 w - 3 bread rations


   Skills:
 + Level 5.8 Fighting
 + Level 8.2 Maces & Flails
 + Level 2.3 Polearms
 + Level 7.0 Armour
 + Level 3.2 Dodging
 + Level 1.0 Stealth
 + Level 6.4 Shields


You had 7 spell levels left.
You didn't know any spells.

Dungeon Overview and Level Annotations

Branches:
Dungeon (7/15)             Temple (1/1) D:6

Altars:
Ashenzari
Dithmenos
Elyvilon
Fedhas
Gozag
Hepliaklqana
Kikubaaqudgha
Makhleb
Nemelex Xobeh
Okawaru
Qazlal
Sif Muna
Trog
Uskayaw
Xom
Zin
The Shining One

Annotations:
D:3 1 runed door


Innate Abilities, Weirdness & Mutations

You reflexively headbutt those who attack you in melee.
You have a pair of horns on your head.
You passively map a small area around you.


Message History

You feel better.
You block the shadow demon's attack. x2; The shadow hits you. x2
You feel very mighty all of a sudden.
The sixfirhy hits you but does no damage.
The shadow demon gestures.
The sixfirhy hits you but does no damage.
The shadow slips into darkness.
The shadow flickers and vanishes for a moment.
The shadow slips into darkness.
The shadow flickers and vanishes for a moment.
You impale the shadow demon!!
The shadow demon is heavily wounded.
The sixfirhy hits you. The sixfirhy shocks you!
* * * LOW HITPOINT WARNING * * *
The sixfirhy hits you but does no damage. x2
The shadow demon hits you but does no damage.
You block the sixfirhy's attack. You block the shadow demon's attack.
The sixfirhy hits you.
* * * LOW HITPOINT WARNING * * *
The sixfirhy shocks you!
You die...

##### ##.# ###.## *
#####....# ,
#####.......K## ,
...........KKK# *,
............KK#* * , ,
...........###K######
............##42#W..## ,
))..........#*#3@....## ,
<...........# ##3W....###
))....)....## ##........#*
#..........# #..........#
##........#####...........
#........###.............
##......##..............#
##........##..........##
####...####..........#


You could see a soul eater, a shadow demon, a rust devil, a sixfirhy, a big
kobold, 2 shadows and 6 kobolds.

Vanquished Creatures
  A shadow (D:7)
  An ice beast (D:6)
  A black bear (D:6)
  2 sky beasts
  A phantom (D:6)
  An ogre (D:6)
  3 centaurs
  2 bullfrogs (D:6)
  2 scorpions (D:5)
  2 howler monkeys
  2 crimson imps (D:6)
  2 jellies (D:6)
  2 hounds
  3 orc wizards (D:5)
  4 worker ants
  A worker ant zombie (D:7)
  A gnoll (D:1)
  7 adders
  An adder skeleton (D:4)
  A dart slug (D:1)
  2 worms
  5 leopard geckos
  7 orcs
  7 bats
  4 giant cockroaches
  6 hobgoblins
  12 jackals
  2 quokkas
  3 ball pythons
  3 frilled lizards
  6 kobolds
  A quokka skeleton (D:5)
  10 rats
108 creatures vanquished.

Notes
Turn   | Place    | Note
-------+----------+-------------------------------------------
     0 | D:1      | Kahsius the Minotaur Fighter began the quest for the Orb.
     0 | D:1      | Reached XP level 1. HP: 19/19 MP: 0/0
   152 | D:1      | Reached XP level 2. HP: 27/27 MP: 1/1
   335 | D:1      | Reached skill level 3 in Maces & Flails
   638 | D:1      | Reached XP level 3. HP: 33/33 MP: 2/2
   874 | D:2      | Found a shadowy altar of Dithmenos.
   877 | D:2      | Found a deep blue altar of Sif Muna.
  1183 | D:2      | Became a worshipper of Dithmenos the Shadowed
  1288 | D:2      | Reached XP level 4. HP: 40/40 MP: 3/3
  1529 | D:2      | Found a shimmering altar of Xom.
  1621 | D:2      | Reached skill level 4 in Maces & Flails
  1680 | D:3      | Found a glowing golden altar of the Shining One.
  1680 | D:3      | Noticed an angel
  1681 | D:3      | Found a runed door.
  1902 | D:4      | Reached XP level 5. HP: 46/46 MP: 4/4
  1910 | D:4      | Reached skill level 1 in Dodging
  1965 | D:4      | Found a hide-covered altar of Uskayaw.
  2580 | D:5      | Entered Level 5 of the Dungeon
  2693 | D:5      | Reached skill level 5 in Maces & Flails
  2743 | D:5      | Reached skill level 5 in Armour
  2763 | D:5      | Reached XP level 6. HP: 36/53 MP: 5/5
  2857 | D:5      | Got a twisted trident
  2886 | D:5      | Reached * piety under Dithmenos
  2886 | D:5      | Reached skill level 5 in Shields
  3184 | D:5      | Reached skill level 6 in Maces & Flails
  3184 | D:5      | Reached XP level 7. HP: 36/60 MP: 6/6
  3214 | D:6      | Identified the +9 trident of Jimeav {chaos, rC+ Int+5 Dex-2} (You found it on level 5 of the Dungeon)
  3225 | D:6      | Gained mutation: You passively map a small area around you. [potion of beneficial mutation]
  3324 | D:6      | Reached skill level 5 in Fighting
  3384 | D:6      | Reached skill level 7 in Maces & Flails
  3446 | D:6      | Reached XP level 8. HP: 51/68 MP: 7/7
  3507 | D:6      | Found a staircase to the Ecumenical Temple.
  3560 | Temple   | Entered the Ecumenical Temple
  3594 | Temple   | Fell from the grace of Dithmenos
  3594 | Temple   | Became a worshipper of Makhleb the Destroyer
  3719 | D:6      | Reached skill level 8 in Maces & Flails
  3803 | D:6      | Identified a scroll of acquirement
  3806 | D:6      | Got a steaming hat
  3988 | D:6      | Reached skill level 1 in Polearms
  4407 | D:7      | Got a jewelled scale mail
  4430 | D:7      | Reached skill level 1 in Stealth
  4437 | D:7      | Reached * piety under Makhleb
  4497 | D:7      | Noticed a shadow demon
  4501 | D:7      | Noticed a sixfirhy
  4501 | D:7      | Noticed a rust devil
  4506 | D:7      | Noticed a soul eater
  4506 | D:7      | Slain by a sixfirhy

Skill      XL: |  1  2  3  4  5  6  7  8 |
---------------+-------------------------+-----
Armour         | 4 5 6 7 |  7.0
Maces & Flails | 3 4 5 6 7 8 |  8.2
Shields        | 4 5 6 |  6.4
Fighting       | 4 5 |  5.8
Dodging        | 1 2 3 |  3.2
Polearms       | 2 |  2.3
Stealth        | 1 |  1.0

Action                   |  1- 3 |  4- 6 |  7- 9 || total
-------------------------+-------+-------+-------++-------
Melee: Flail             |    83 |    99 |    59 ||   241
       Headbutt          |    10 |    13 |    15 ||    38
       Trident           |       |       |    66 ||    66
Evoke: Wand              |       |       |     2 ||     2
  Use: Scroll            |     6 |    10 |     5 ||    21
       Potion            |     2 |       |     6 ||     8
 Stab: Paralysed         |       |       |     1 ||     1
  Eat: Bread ration      |       |     1 |       ||     1
       Meat ration       |       |     1 |     1 ||     2
Armor: Scale mail        |    55 |     2 |       ||    57
       Ring mail         |       |    44 |    23 ||    67
       Plate armour      |       |       |    61 ||    61
Dodge: Dodged            |    27 |    36 |    51 ||   114
Block: Shield            |    45 |    47 |    86 ||   178
